 Dungeon Crawl Stone Soup version 0.30-a0-696-g2367cd04db (webtiles) character file.

Game seed: 14632060336341841249

40 warriortoast the Covered (level 3, 0/30 HPs)
             Began as a Barachi Fighter on Jan 20, 2023.
             Slain by Sigmund
             ... wielding a +0 scythe
              (10 damage)
             ... on level 2 of the Dungeon.
             The game lasted 00:06:56 (1216 turns).

warriortoast the Covered (Barachi Fighter)          Turns: 1216, Time: 00:06:56

Health: 0/30       AC:  8    Str: 17    XL:     3   Next: 50%
Magic:  3/3        EV:  9    Int: 10    God:
Gold:   116        SH:  4    Dex: 11    Spells: 2/2 levels left

rFire   . . .      SeeInvis .    a - +0 flail
rCold   . . .      Faith    .    c - +0 buckler
rNeg    . . .      Spirit   .    b - +0 scale mail
rPois   .          Reflect  .    (no helmet)
rElec   .          Harm     .    n - +0 cloak
rCorr   .          Rampage  .    (no gloves)
Will    .....                    (no boots) Stlth
                                 (no amulet)
HPRegen 0.25/turn                h - ring of flight
MPRegen 0.08/turn                (no ring)

@: mighty, flying, slow
A: amphibious, slowness 1, strong legs 1, +LOS
a: Hop


You were on level 2 of the Dungeon.
You visited 1 branch of the dungeon, and saw 2 of its levels.

You collected 116 gold pieces.

Inventory:

Hand Weapons
 a - a +0 flail (weapon)
Missiles
 m - 3 boomerangs (quivered)
Armour
 b - a +0 scale mail (worn)
 c - a +0 buckler (worn)
 n - a +0 cloak (worn)
Jewellery
 h - a ring of flight (left hand)
Scrolls
 e - a scroll of poison {unknown}
 f - a scroll of vulnerability {unknown}
 g - a scroll of fog {unknown}
 k - a scroll of identify {unknown}
Potions
 i - a potion of brilliance {unknown}
 j - 2 potions of curing {unknown}
 l - a potion of heal wounds {unknown}


   Skills:
 + Level 4.1 Fighting
 + Level 2.7 Maces & Flails
 + Level 4.1 Armour
 + Level 3.7 Shields


You had 2 spell levels left.
You didn't know any spells.
Your spell library contained the following spells:

 Spells                   Type           Power      Damage    Failure   Level
 Ensorcelled Hibernation  Hex/Ice        0%         N/A       94%         2
 Passwall                 Tmut/Erth      0%         N/A       94%         2
 Swiftness                Air            0%         N/A       99%         3


Dungeon Overview and Level Annotations

Branches:
Dungeon (2/15)

Altars:

Annotations:
D:2 Sigmund


Innate Abilities, Weirdness & Mutations

You are amphibious.
You cover ground slowly.
You can hop short distances.
You have an extended range of vision and can be seen from far away.


Message History

You hit the frilled lizard.
The frilled lizard is heavily wounded.
The frilled lizard bites you but does no damage.
You hit the frilled lizard.
You kill the frilled lizard!
No target in view!
You now have 116 gold pieces (gained 16).
Sigmund and a giant cockroach come into view.
Sigmund is wielding a +0 scythe and carrying a wand of polymorph (9).
Sigmund shouts!
There are monsters nearby!
You feel very mighty all of a sudden.
Sigmund hits you from afar with a +0 scythe.
You block the giant cockroach's attack. You block Sigmund's attack.
The giant cockroach bites you but does no damage.
You sock the giant cockroach!
You kill the giant cockroach!
Sigmund barely misses you.
You hit Sigmund.
Sigmund is lightly wounded.
Sigmund gestures wildly while chanting.
Sigmund flickers and vanishes!
Deactivating autopickup; reactivate with Ctrl-A.
You miss something.
You hear some strange, mumbled words.
A magic dart appears from out of thin air!
The magic dart hits you.
You closely miss something. Something hits you.
You sock something!
You hear some strange, mumbled words.
A puff of flame appears from out of thin air!
The puff of flame hits you.
You barely miss something. Something hits you.
You barely miss something.
You hear some strange, mumbled words.
A magic dart appears from out of thin air!
The magic dart hits you.
* * * LOW HITPOINT WARNING * * *
You barely miss something. Something hits you!
You die...

≈# ≈# # ≈# . ≈# .##
### ≈# ... ..# ## ##.#
#.# ##...##.#
#.....#.# .# #....{@.#
#.# ####### #....†#.##
#.# ......#
##...##..###.#####
#####.#
.###.###...##..... ###
#.# ...........##....
# ..# #.#
.##........##..# .#
#.# #.#
....####...##..###..##
#.###.# ###.#
#..............
......# #.#
##.#.....##..#


There were no monsters in sight!

Vanquished Creatures
  A dart slug (D:2)
  A ball python (D:1)
  An endoplasm (D:1)
  4 giant cockroaches
  4 goblins
  3 hobgoblins (D:1)
  2 jackals (D:1)
  9 bats
  3 frilled lizards
  3 kobolds (D:1)
  4 rats
35 creatures vanquished.

Notes
Turn   | Place    | Note
-------+----------+-------------------------------------------
     0 | D:1      | warriortoast the Barachi Fighter began the quest for the
                  | Orb.
     0 | D:1      | Reached XP level 1. HP: 18/18 MP: 1/1
   271 | D:1      | Reached XP level 2. HP: 25/25 MP: 2/2
   558 | D:1      | Reached XP level 3. HP: 27/30 MP: 3/3
  1206 | D:2      | Noticed Sigmund
  1216 | D:2      | Slain by Sigmund

Illustrated notes

Levels and vault maps discovered:
D:1:      dpeg_arrival_tiny_f, layout_loops_ring
D:2:      layout_loops_corners, minmay_misc_feat_enclosed,
          kennysheep_generic_room_12, uniq_sigmund

Skill      XL: |  1  2 |
---------------+-------+-----
Fighting       | 4 |  4.1
Armour         | 4 |  4.1
Maces & Flails | |  2.7
Shields        | |  3.7

Action                   || total
-------------------------++-------
Melee: Flail             ||   100
  Use: Potion            ||     1
Armor: Scale mail        ||    54
Dodge: Dodged            ||    49
Block: Buckler           ||    24

Table legend: (Time is in decaauts)
 A = Elapsed time spent in this place.
 B = Non-inter-level travel time spent in this place.
 C = Inter-level travel time spent in this place.
 D = Time resting spent in this place.
 E = Time spent auto-exploring this place.
 F = Levels seen in this place.
 G = Mean time per level.
                   A        B        C        D        E       F      G
               +--------+--------+--------+--------+--------+-----+--------+
         Total |   1431 |   1395 |     36 |    133 |    978 |   2 |  715.5 |
       Dungeon |   1431 |   1395 |     36 |    133 |    978 |   2 |  715.5 |
               +--------+--------+--------+--------+--------+-----+--------+

Top non-repeatable levels by time:
     D:1: 975 daAuts
     D:2: 455 daAuts
